[Event "Team 45 45 League T59"]
[Site "Internet Chess Club"]
[Date "2013.12.09"]
[Round "3"]
[White "ILRE"]
[Black "AdithJosh"]
[Result "1-0"]
[WhiteElo "1613"]
[BlackElo "1432"]
[Opening "English opening"]
[ECO "A21"]
[Time "17:00:26"]
[TimeControl "2700+45"]

1. c4 e5 2. Nc3 c6 3. Nf3 d6 4. d3 Be7 5. g3 Nf6 6. Bg2 O-O 7. O-O Bg4 8. b4
Nbd7 9. Rb1 d5 10. c5 Qc7 11. d4 e4 12. Bf4 Qd8 13. Ne5 Nxe5 14. Bxe5 Qd7 15. a4
Qf5 16. Bf4 Qh5 17. f3 exf3 18. exf3 Bh3 19. g4 Qh4 20. Bg3 Qh6 21. Re1 Rfe8 22.
Re5 Bxg2 23. Kxg2 Qg6 24. Qe2 Kf8 25. Re1 Ng8 26. Re3 Qf6 27. Be5 Qh4 28. Bd6
Rad8 29. Re5 Rd7 30. Nb1 g6 31. Nd2 h6 32. Re3 Kg7 33. Bg3 Qg5 34. h4 Qxe3 35.
Qxe3 Nf6 36. Be5 Rdd8 37. g5 Kh7 38. gxf6 Bxf6 39. Qf2 Bxe5 40. Rxe5 Rxe5 41.
dxe5 Re8 42. f4 Rd8 43. Nf3 b6 44. Nd4 bxc5 45. bxc5 Rc8 46. Qb2 Rc7 47. Qb8 Rd7
48. Qc8 Re7 49. Qxc6 h5 50. Qxd5 {Black resigns} 1-0

[Event "Team 45 45 League T59"]
[Site "Internet Chess Club"]
[Date "2013.12.07"]
[Round "3"]
[White "chesskix"]
[Black "houseofcook"]
[Result "1/2-1/2"]
[WhiteElo "1359"]
[BlackElo "1485"]
[Opening "English opening: Agincourt variation"]
[ECO "A13"]
[Time "09:01:53"]
[TimeControl "2700+45"]

1. c4 e6 2. Nf3 d5 3. b3 Nf6 4. Bb2 Be7 5. g3 O-O 6. Bg2 b6 7. O-O Bb7 8. d3
Nbd7 9. Nbd2 c5 10. Rb1 Rc8 11. Re1 Re8 12. e4 dxe4 13. dxe4 Nf8 14. e5 N6d7 15.
Ne4 Ng6 16. Nd6 Bxd6 17. exd6 Bc6 18. Qd2 f6 19. Rbd1 e5 20. h4 Ngf8 21. h5 Ne6
22. Nh4 Nd4 23. Bxd4 cxd4 24. Nf5 Bxg2 25. Kxg2 Kh8 26. Re4 Rf8 27. Rg4 Rf7 28.
Rh1 Qf8 29. Qd1 Rc5 30. Ne7 Qa8+ 31. Kg1 h6 32. Ng6+ Kg8 33. Ne7+ Kh8 34. Qd3
Nf8 35. Ng6+ Kg8 36. Ne7+ Kh8 37. Ng6+ {Game drawn by mutual agreement} 1/2-1/2

[Event "Team 45 45 League T59"]
[Site "Internet Chess Club"]
[Date "2013.12.06"]
[Round "3"]
[White "spongenotbob"]
[Black "Constrictor"]
[Result "1-0"]
[WhiteElo "1877"]
[BlackElo "1679"]
[Opening "Dutch with c4 & Nc3"]
[ECO "A85"]
[Time "20:00:48"]
[TimeControl "2700+45"]

1. d4 f5 2. c4 Nf6 3. Nc3 e6 4. Nf3 b6 5. g3 Bb7 6. Bg2 Bb4 7. Bd2 d6 8. a3 Bxc3
9. Bxc3 Nbd7 10. b4 O-O 11. O-O Ne4 12. Bb2 Rb8 13. Rc1 Ng5 14. Nxg5 Qxg5 15. c5
Bxg2 16. Kxg2 f4 17. Qb3 d5 18. cxb6 cxb6 19. Rc7 Nf6 20. Bc1 Ne4 21. Qf3 Qd8
22. Bxf4 Nd2 23. Qg4 Qxc7 24. Bxc7 Nxf1 {Black resigns} 1-0

[Event "Team 45 45 League T59"]
[Site "Internet Chess Club"]
[Date "2013.12.08"]
[Round "3"]
[White "elessar"]
[Black "Schack"]
[Result "0-1"]
[WhiteElo "1599"]
[BlackElo "1729"]
[Opening "French: exchange variation"]
[ECO "C01"]
[Time "14:00:43"]
[TimeControl "2700+45"]

1. e4 e6 2. d4 d5 3. exd5 exd5 4. Bd3 Nc6 5. c3 Bd6 6. Nf3 Bg4 7. O-O Nge7 8.
Re1 Qd7 9. Nbd2 O-O 10. h3 Bf5 11. Nf1 Rae8 12. Qc2 Bxd3 13. Qxd3 Ng6 14. Bd2
Nd8 15. Ng3 Nf4 16. Bxf4 Bxf4 17. Qf5 Qxf5 18. Nxf5 Re6 19. Rxe6 fxe6 20. Ng3
Nc6 21. Re1 Re8 22. Ne2 Bd6 23. Nc1 e5 24. dxe5 Nxe5 25. Nd4 c5 26. Nd3 cxd4 27.
Nxe5 Rxe5 {White resigns} 0-1

[Event "Team 45 45 League T59"]
[Site "Internet Chess Club"]
[Date "2013.12.06"]
[Round "3"]
[White "drsigmund1"]
[Black "bayoumicardio10"]
[Result "1/2-1/2"]
[WhiteElo "1621"]
[BlackElo "1691"]
[Opening "King's Indian: London system"]
[ECO "A48"]
[Time "18:11:24"]
[TimeControl "2700+45"]

1. d4 Nf6 2. Nf3 g6 3. Bf4 Bg7 4. e3 d6 5. Be2 Nbd7 6. h3 c5 7. c3 b6 8. Nbd2
Bb7 9. O-O O-O 10. a4 Rc8 11. a5 bxa5 12. Qa4 Rb8 13. Qxa5 Qxa5 14. Rxa5 Bxf3
15. Bxf3 cxd4 16. exd4 Rxb2 17. Rxa7 Rc8 18. Rc1 Kf8 19. c4 Ke8 20. Rca1 e5 21.
dxe5 dxe5 22. Be3 e4 23. Nxe4 Nxe4 24. Bxe4 Ne5 25. Bd5 Nxc4 26. Rc1 Nd6 27.
Rxc8+ Nxc8 28. Bc6+ Kd8 29. Rd7+ Ke8 30. Bd4 Bxd4 31. Rxd4+ Ke7 32. Rd7+ Ke6 33.
Rd1 Nd6 34. Re1+ Kf6 35. Rd1 Ke6 36. Re1+ Kf6 37. Rd1 {Game drawn by mutual
agreement} 1/2-1/2

[Event "Team 45 45 League T59"]
[Site "Internet Chess Club"]
[Date "2013.12.08"]
[Round "3"]
[White "Hal2001"]
[Black "rkaebi"]
[Result "1-0"]
[WhiteElo "1541"]
[BlackElo "1260"]
[Opening "French defense"]
[ECO "C00"]
[Time "14:02:53"]
[TimeControl "2700+45"]

1. e4 e6 2. Nc3 c5 3. f4 d5 4. Nf3 dxe4 5. Nxe4 Nf6 6. Nxf6+ Qxf6 7. Bb5+ Bd7 8.
Bxd7+ Nxd7 9. d3 Bd6 10. Qd2 Rc8 11. O-O O-O 12. Rb1 b5 13. c3 Nb6 14. Re1 Rfd8
15. g3 c4 16. d4 Nd5 17. Ne5 Qf5 18. Ra1 f6 19. Nf3 Qg4 20. Qg2 Re8 21. Bd2 a5
22. Re2 b4 23. Rae1 bxc3 24. bxc3 Rb8 25. h3 Qf5 26. Nh4 Qc2 27. Rxe6 Rxe6 28.
Rxe6 Qd1+ 29. Kh2 Rb2 30. Qxd5 Rxd2+ 31. Ng2 Rxg2+ 32. Qxg2 Ba3 33. Qa8+ Kf7 34.
Qe8# {Black checkmated} 1-0

[Event "Team 45 45 League T59"]
[Site "Internet Chess Club"]
[Date "2013.12.09"]
[Round "3"]
[White "fledermaus"]
[Black "MASTERCHEF"]
[Result "1-0"]
[WhiteElo "1834"]
[BlackElo "1729"]
[Opening "King's Indian: orthodox, 7...Nbd7"]
[ECO "E94"]
[Time "15:01:25"]
[TimeControl "2700+45"]

1. d4 Nf6 2. c4 g6 3. Nc3 Bg7 4. e4 d6 5. Nf3 O-O 6. Be2 Nbd7 7. O-O e5 8. Qc2
a5 9. Rd1 Qe7 10. dxe5 Nxe5 11. Nd5 Nxd5 12. cxd5 Nd7 13. Bg5 f6 14. Be3 Ne5 15.
Rac1 Nxf3+ 16. Bxf3 Rf7 17. Rd4 b5 18. Qc6 f5 19. Qxa8 Rf8 20. Qa7 {Black
resigns} 1-0

[Event "Team 45 45 League T59"]
[Site "Internet Chess Club"]
[Date "2013.12.08"]
[Round "3"]
[White "zap2"]
[Black "RubberDuck"]
[Result "0-1"]
[WhiteElo "1745"]
[BlackElo "1892"]
[Opening "Queen's pawn game, Darooha variation "]
[ECO "D02"]
[Time "10:06:35"]
[TimeControl "2700+45"]

1. Nf3 d5 2. d4 Nf6 3. c4 e6 4. cxd5 exd5 5. Bg5 Be7 6. e3 O-O 7. Nc3 Bf5 8. Bd3
Bxd3 9. Qxd3 c6 10. O-O Nbd7 11. Qc2 Re8 12. a3 Bd6 13. Rac1 a6 14. b4 Rc8 15.
Na4 Qc7 16. Nc5 Ne4 17. Bh4 Ndf6 18. Bg3 Nxg3 19. hxg3 g6 20. Nd3 Ng4 21. Nf4
Qe7 22. Qe2 h5 23. Rc3 Qf6 24. Qc2 Rcd8 25. Nd2 Kg7 26. Nb3 Rd7 27. Nc5 Rde7 28.
Nxb7 Bxf4 29. Rxc6 Re6 30. Rxe6 Rxe6 31. gxf4 Qh4 32. Re1 Qh2+ 33. Kf1 Qh1+ 34.
Ke2 Qxg2 35. Kd2 Qxf2+ 36. Kd1 Nxe3+ 37. Rxe3 Qxe3 38. Qd2 Qb3+ 39. Kc1 Qxa3+
40. Kd1 Qb3+ 41. Kc1 Qc4+ 42. Kb1 Re2 {White resigns} 0-1

[Event "Team 45 45 League T59"]
[Site "Internet Chess Club"]
[Date "2013.12.10"]
[Round "3"]
[White "jonesey"]
[Black "elmaestro"]
[Result "1-0"]
[WhiteElo "1864"]
[BlackElo "1771"]
[Opening "Sicilian defense"]
[ECO "B20"]
[Time "09:29:35"]
[TimeControl "2700+45"]

1. e4 c5 2. c4 Nc6 3. Nc3 d6 4. g3 Nf6 5. Bg2 g6 6. Nge2 Bg7 7. d3 O-O 8. O-O
Bg4 9. f3 Bd7 10. Be3 Qc8 11. Rc1 Bh3 12. d4 Bxg2 13. Kxg2 cxd4 14. Nxd4 Ne5 15.
b3 Nc6 16. Qd2 Re8 17. Nd5 e6 18. Nxf6+ Bxf6 19. Nb5 Rd8 20. Nxd6 Qc7 21. c5 Rd7
22. Qf2 Rad8 23. f4 Nb4 24. Rfd1 e5 25. a3 Nc6 26. b4 Be7 27. b5 Na5 28. fxe5
Bxd6 29. exd6 Qb8 30. Qf6 Nb3 31. Bh6 {Black resigns} 1-0

[Event "Team 45 45 League T59"]
[Site "Internet Chess Club"]
[Date "2013.12.06"]
[Round "3"]
[White "nanning"]
[Black "gcl"]
[Result "1-0"]
[WhiteElo "1648"]
[BlackElo "1635"]
[Opening "QGD semi-Slav"]
[ECO "D43"]
[Time "14:00:43"]
[TimeControl "2700+45"]

1. d4 d5 2. c4 c6 3. Nf3 Nf6 4. Nc3 e6 5. cxd5 exd5 6. Bg5 h6 7. Bh4 Bf5 8. e3
Nbd7 9. Bd3 Bxd3 10. Qxd3 Bd6 11. O-O O-O 12. Rfc1 Re8 13. a3 a5 14. Rab1 b5 15.
b4 Qb6 16. Bg3 Bxg3 17. hxg3 Ne4 18. Nd2 axb4 19. axb4 Ra3 20. Nb3 Ndf6 21. Nxe4
Nxe4 22. Qc2 Re6 23. Ra1 Rxa1 24. Rxa1 Rf6 25. Ra8+ Kh7 26. f3 Qb7 27. Ra2 Qe7
28. fxe4 dxe4 29. Nc5 Rg6 30. Qxe4 Qg5 31. Qf4 Qd5 32. Ra7 f6 33. Qe4 Qh5 34.
Qf3 Rg4 35. Ne4 Kg6 36. Nf2 Rg5 37. Qxh5+ Rxh5 38. Nh3 Rd5 {Black resigns} 1-0

[Event "Team 45 45 League T59"]
[Site "Internet Chess Club"]
[Date "2013.12.08"]
[Round "3"]
[White "Beetlejuice"]
[Black "Portola"]
[Result "1-0"]
[WhiteElo "1768"]
[BlackElo "1788"]
[Opening "Catalan: closed, 7.Qc2"]
[ECO "E08"]
[Time "09:03:54"]
[TimeControl "2700+45"]

1. d4 d5 2. c4 e6 3. Nf3 Nf6 4. g3 Be7 5. Bg2 O-O 6. O-O Nbd7 7. Qc2 b6 8. cxd5
exd5 9. Nc3 Bb7 10. Rd1 c5 11. dxc5 bxc5 12. Nh4 Nb6 13. Nf5 Qd7 14. Nxe7+ Qxe7
15. e3 Rfd8 16. Ne2 Rac8 17. b3 d4 18. Bxb7 Qxb7 19. Qd3 Rd7 20. exd4 cxd4 21.
Bb2 Rcd8 22. Nxd4 Rd5 23. Rd2 Qd7 24. Rad1 Ng4 25. Qf1 Ne5 26. f4 Ng4 27. Qf3
Nf6 28. Bc3 Na8 29. Nc2 Nb6 30. Nb4 Rxd2 31. Rxd2 Qe8 32. Rxd8 Qxd8 33. Qd3 Qe8
34. Bxf6 gxf6 35. Qd4 Qe1+ 36. Kg2 Qe2+ 37. Kh3 Qe6+ 38. f5 Qxf5+ 39. Qg4+ Qg6
40. Nc6 Qxg4+ 41. Kxg4 Nc8 42. b4 Kg7 43. a4 Kg6 44. a5 f5+ 45. Kf4 f6 46. b5
Kf7 47. a6 Kg6 48. Nxa7 Nb6 49. Nc6 Nd5+ 50. Kf3 Kf7 51. a7 Nb6 52. Ke3 Ke6 53.
Kd4 Kd6 54. Na5 Kc7 55. Nc4 Na8 56. Kd5 Kb7 57. b6 Nxb6+ 58. Nxb6 Kxa7 59. Nd7
{Black resigns} 1-0

[Event "Team 45 45 League T59"]
[Site "Internet Chess Club"]
[Date "2013.12.05"]
[Round "3"]
[White "misuc56"]
[Black "Heian"]
[Result "0-1"]
[WhiteElo "1782"]
[BlackElo "1825"]
[Opening "Queen's gambit declined"]
[ECO "D30"]
[Time "16:00:09"]
[TimeControl "2700+45"]

1. d4 d5 2. c4 e6 3. e3 f5 4. Nc3 Nf6 5. Nf3 c6 6. Bd2 Bd6 7. c5 Bc7 8. Be2 O-O
9. h3 Ne4 10. O-O Nd7 11. a3 e5 12. b4 Nxc3 13. Bxc3 e4 14. Nh2 Qh4 15. Be1 Qh6
16. f4 exf3 17. Rxf3 Nf6 18. Nf1 Ne4 19. Ng3 Nxg3 20. Bxg3 Bxg3 21. Rxg3 Bd7 22.
a4 Rae8 23. Qd2 f4 24. Rf3 Rxe3 25. b5 Qg5 26. Raf1 Bxh3 27. Bd1 Rxf3 28. Bxf3
Bg4 29. Qd3 Bxf3 30. Rxf3 Qh4 31. Qe2 Qf6 32. Qd3 Re8 33. a5 Re4 34. bxc6 bxc6
35. Qa6 Qxd4+ 36. Kh2 Qxc5 37. Qc8+ Kf7 38. Qd7+ Kf6 39. a6 g5 40. Qxh7 Qe7 41.
Qh6+ Kf5 42. Qxc6 Qf7 43. Qc8+ Kg6 44. Rh3 Re8 45. Qc6+ Qe6 46. Qb7 Re7 47. Qb8
g4 48. Qb1+ Kg5 49. g3 Qe2+ 50. Kg1 gxh3 51. gxf4+ Kxf4 52. Qb4+ Kg3 53. Qb8+
Qe5 54. Qg8+ Rg7 55. Qf8 Qe1+ {White resigns} 0-1

[Event "Team 45 45 League T59"]
[Site "Internet Chess Club"]
[Date "2013.12.08"]
[Round "3"]
[White "qs16"]
[Black "QuieroAprender"]
[Result "1-0"]
[WhiteElo "1737"]
[BlackElo "1717"]
[Opening "Dutch"]
[ECO "A80"]
[Time "09:02:47"]
[TimeControl "2700+45"]

1. d4 f5 2. Nd2 Nf6 3. e3 d6 4. f4 Nc6 5. Ngf3 Ng4 6. Nb3 e6 7. Bd2 Bd7 8. a3 b6
9. Be2 Be7 10. O-O h5 11. h3 Nh6 12. Ng5 Bxg5 13. Bxh5+ Nf7 14. fxg5 Qxg5 15.
Bxf7+ Kxf7 16. Qf3 Qf6 17. c4 g5 18. Bc3 Ne7 19. e4 f4 20. Rad1 Ba4 21. e5 Qf5
22. Bb4 c5 23. dxc5 dxc5 24. Be1 Qc2 25. Rd3 Qxc4 26. Nd2 Qc2 27. Ne4 Bc6 28.
Nxg5+ Kg6 29. Qg4 Qxg2+ 30. Qxg2 Bxg2 31. Kxg2 Kxg5 32. Bd2 Nd5 33. Rg3+ Kf5 34.
Rg4 Rag8 35. Bxf4 Rxg4+ 36. hxg4+ Kxg4 37. Bd2 Rh3 38. Rf8 Rb3 39. Bc1 Ne3+ 40.
Kg1 Nc4 41. Rf4+ Kg5 42. Rf3+ Ne3 43. Kf2 Rxb2+ 44. Kxe3 Rb3+ 45. Ke4+ {Black
resigns} 1-0

[Event "Team 45 45 League T59"]
[Site "Internet Chess Club"]
[Date "2013.12.05"]
[Round "3"]
[White "HematiteBrown"]
[Black "Greedy-Reedy"]
[Result "1-0"]
[WhiteElo "2005"]
[BlackElo "1983"]
[Opening "French: Rubinstein variation"]
[ECO "C10"]
[Time "14:00:52"]
[TimeControl "2700+45"]

1. e4 e6 2. d4 d5 3. Nc3 dxe4 4. Nxe4 Bd7 5. Bc4 Bc6 6. Qd3 Nd7 7. Nf3 Ngf6 8.
Neg5 Bxf3 9. Nxf3 Be7 10. Bd2 O-O 11. O-O c5 12. Rad1 cxd4 13. Qxd4 Nb6 14. Bd3
Qxd4 15. Nxd4 Rfd8 16. Nf3 h6 17. h3 Bd6 18. Rfe1 Rac8 19. b3 Nbd5 20. c4 Nb4
21. Bb1 Nc6 22. Rf1 Bc5 23. Bf4 Nd4 24. Nxd4 Rxd4 25. Rxd4 Bxd4 26. Rd1 e5 27.
Kf1 a6 28. Bc1 g5 29. Ba3 Rc6 30. Bd3 a5 31. Be2 b6 32. Bf3 Re6 33. Bb7 Kg7 34.
Rc1 Ne8 35. c5 bxc5 36. Bxc5 Nd6 37. Bd5 Rf6 38. Ke1 Nb5 39. Rc2 Nc3 40. Bxd4
exd4 41. Bc4 Rd6 42. f3 f5 43. Kd2 Kf6 44. Kd3 Rd7 45. a3 Ke5 46. g3 h5 47. Rc1
Kf6 48. Re1 Rd6 49. g4 hxg4 50. hxg4 fxg4 51. fxg4 Nd5 52. Kxd4 Nf4+ 53. Kc3 Ng6
54. Bd3 Ne5 55. Bf5 Rc6+ 56. Kb2 Rd6 57. Re4 Nd3+ 58. Kc3 Nf4 59. Rc4 Ne2+ 60.
Kb2 Nd4 61. Rc5 Nc6 62. Rb5 Rd2+ 63. Kc3 Rd1 64. Rb6 Rc1+ 65. Bc2 Ke5 66. Rxc6
Kf4 67. Rc4+ Kg3 68. Kb2 Rf1 69. Bf5 Rf2+ 70. Rc2 Rf4 71. Rd2 {Black resigns}
1-0

[Event "Team 45 45 League T59"]
[Site "Internet Chess Club"]
[Date "2013.12.08"]
[Round "3"]
[White "LittleButton"]
[Black "pmcglothin"]
[Result "0-1"]
[WhiteElo "1832"]
[BlackElo "1784"]
[Opening "Robatsch (modern) defense"]
[ECO "B06"]
[Time "09:14:40"]
[TimeControl "2700+45"]

1. e4 g6 2. d4 Bg7 3. Nc3 d6 4. Be3 Nf6 5. f3 h5 6. Qd2 c6 7. Nge2 Nbd7 8. Nf4
Qc7 9. Nd3 O-O 10. Be2 Nb6 11. h4 Nc4 12. Qc1 Nxe3 13. Qxe3 Qb6 14. O-O-O Nd7
15. Qg5 Bf6 16. Qh6 Qxd4 17. Nf4 Qe3+ 18. Kb1 e5 {White resigns} 0-1

[Event "Team 45 45 League T59"]
[Site "Internet Chess Club"]
[Date "2013.12.10"]
[Round "3"]
[White "calsal"]
[Black "badmove"]
[Result "1/2-1/2"]
[WhiteElo "1677"]
[BlackElo "1587"]
[Opening "Sicilian: Alapin's variation (2.c3)"]
[ECO "B22"]
[Time "17:19:50"]
[TimeControl "2700+45"]

1. e4 c5 2. c3 Nf6 3. e5 Nd5 4. d4 cxd4 5. cxd4 d6 6. Bc4 Nc6 7. Bxd5 Qa5+ 8.
Nc3 Nb4 9. Bb3 Bf5 10. Ba4+ Kd8 11. Nf3 Nd3+ 12. Kf1 Rc8 13. Nh4 Nxc1 14. Nxf5
Rxc3 15. bxc3 Qa6+ 16. Ke1 Nd3+ {Game drawn by mutual agreement} 1/2-1/2

[Event "Team 45 45 League T59"]
[Site "Internet Chess Club"]
[Date "2013.12.11"]
[Round "3"]
[White "pokerram"]
[Black "alexine"]
[Result "1/2-1/2"]
[WhiteElo "1703"]
[BlackElo "1655"]
[Opening "Ruy Lopez: closed"]
[ECO "C88"]
[Time "14:06:04"]
[TimeControl "2700+45"]

1. e4 e5 2. Nf3 Nc6 3. Bb5 a6 4. Ba4 Nf6 5. O-O Be7 6. Re1 b5 7. Bb3 Na5 8. Nxe5
Nxb3 9. axb3 Bb7 10. d3 d5 11. exd5 Qxd5 12. Nf3 Qd6 13. h3 O-O 14. Nc3 Rfe8 15.
Be3 Nh5 16. Ne4 Qg6 17. Ne5 Qf5 18. Nf3 Rad8 19. Nd4 Qd5 20. c4 Qe5 21. Nf3
{Game drawn by mutual agreement} 1/2-1/2

[Event "Team 45 45 League T59"]
[Site "Internet Chess Club"]
[Date "2013.12.06"]
[Round "3"]
[White "spuzzy"]
[Black "TerryMalloy"]
[Result "1-0"]
[WhiteElo "1765"]
[BlackElo "2019"]
[Opening "Sicilian: Najdorf, Opocensky variation"]
[ECO "B92"]
[Time "18:00:14"]
[TimeControl "2700+45"]

1. e4 c5 2. Nf3 d6 3. d4 cxd4 4. Nxd4 Nf6 5. Nc3 a6 6. Be2 e5 7. Nb3 Be7 8. O-O
O-O 9. Kh1 Nc6 10. f4 b5 11. a4 b4 12. Nd5 Nxe4 13. Bf3 f5 14. Be3 Be6 15. Bb6
Qd7 16. Nc7 Rab8 17. a5 Bc4 18. Be2 Bxe2 19. Qxe2 d5 20. fxe5 Nxe5 21. Nxa6 Rxb6
22. axb6 Qc6 23. Nd4 Qxb6 24. Nxf5 Bg5 25. c3 bxc3 26. bxc3 Bf6 27. Qe3 Qb2 28.
Rfb1 Qc2 29. Nd4 Qxc3 30. Qxc3 Nxc3 31. Rb8 Nc4 32. Rxf8+ Kxf8 33. Nf3 Ke7 34.
Nb4 Kd6 35. Ra6+ Kc5 36. Nd3+ Kb5 37. Ra8 Ne3 38. Rc8 d4 39. Nfe5 Ned5 40. Kg1
Ne4 41. Kf1 Nb6 42. Rc2 Nd5 43. Rb2+ Ka4 44. Nd7 Be7 45. Nb6+ Nxb6 46. Rxb6 Bf6
47. Rb7 Ka5 48. Ke1 Nd6 49. Rb1 Nb5 50. Kf2 Kb6 51. Kf3 Kc6 52. Nb4+ Kc5 53.
Nd3+ Kc4 54. Nf4 Nc3 55. Rb7 Nb5 56. Ke2 Nc3+ 57. Kd2 Ne4+ 58. Kc2 Nc5 59. Rb1
g5 60. Nh3 Ne4 61. Rd1 Nc3 62. Rd3 h6 63. Nf2 Nd5 64. Rh3 Ne3+ 65. Kd2 Bg7 66.
Rxe3 dxe3+ 67. Kxe3 Kd5 68. Kf3 Ke5 69. Kg4 Bf8 70. Kh5 Kf5 71. Ng4 Ba3 72.
Nxh6+ Kf6 73. Ng4+ Kf5 74. Nf2 Bc1 75. g4+ Kf6 76. Ne4+ Kg7 77. Nxg5 Be3 78. h4
Bc1 79. Ne4 Be3 80. g5 Bd4 81. Kg4 Bb2 82. h5 Bd4 83. Kf5 Bb2 84. Nc5 Bc3 85.
Ne6+ Kh7 86. Nc5 Kg7 87. Ne4 Bd4 88. h6+ Kh8 89. g6 Bb2 90. Nf6 Bxf6 91. Kxf6
Kg8 92. h7+ Kh8 93. g7+ {Black resigns} 1-0

[Event "Team 45 45 League T59"]
[Site "Internet Chess Club"]
[Date "2013.12.10"]
[Round "3"]
[White "DanMcClintic"]
[Black "az2112"]
[Result "0-1"]
[WhiteElo "1690"]
[BlackElo "1674"]
[Opening "Pirc: classical, h3 system"]
[ECO "B08"]
[Time "21:30:20"]
[TimeControl "2700+45"]

1. e4 d6 2. d4 Nf6 3. Nc3 g6 4. Nf3 Bg7 5. h3 O-O 6. Bc4 c6 7. Bb3 Na6 8. a3 c5
9. Be3 cxd4 10. Bxd4 Nc5 11. Bxc5 dxc5 12. O-O b6 13. Rb1 Bb7 14. Nd2 e6 15. Qe2
Qe7 16. e5 Nd5 17. Nxd5 Bxd5 18. Bxd5 exd5 19. f4 Rad8 20. Nf3 Rfe8 21. Rfe1 f6
22. g4 fxe5 23. Nxe5 Bxe5 24. Qxe5 Qxe5 25. Rxe5 Rxe5 26. fxe5 Kf7 27. Kf2 Ke6
28. Re1 Rf8+ 29. Kg3 g5 30. h4 h6 31. hxg5 hxg5 32. Re3 Rf4 33. c3 Re4 34. Rf3
Rxe5 35. b4 d4 36. Kf2 Re4 37. Rg3 Kd5 38. cxd4 cxb4 39. axb4 Rxd4 40. Ke2 Rxb4
41. Rd3+ Rd4 42. Ra3 a5 43. Rb3 Kc5 44. Kf3 b5 45. Re3 Kc4 46. Re5 Rd5 47. Re4+
Kc3 48. Ke2 b4 49. Re3+ Kc2 50. Kf3 Rd3 {White resigns} 0-1

[Event "Team 45 45 League T59"]
[Site "Internet Chess Club"]
[Date "2013.12.04"]
[Round "3"]
[White "clarinetref"]
[Black "BrerRabbit"]
[Result "1/2-1/2"]
[WhiteElo "1591"]
[BlackElo "1560"]
[Opening "Pirc defense"]
[ECO "B07"]
[Time "10:51:34"]
[TimeControl "2700+45"]

1. e4 d6 2. d4 Nf6 3. Bd3 c6 4. f4 e5 5. c3 Qa5 6. dxe5 dxe5 7. Nf3 exf4 8. Bxf4
Be7 9. Nbd2 O-O 10. Nc4 Qd8 11. Qc2 h6 12. O-O-O Be6 13. e5 Nd5 14. h3 Nd7 15.
Bd2 Nc5 16. Bh7+ Kh8 17. Nd4 Bg5 18. Nxe6 Bxd2+ 19. Rxd2 Nxe6 20. Nd6 Qc7 21. g3
Nb6 22. Rf1 Nc8 23. Bf5 Nxd6 24. Rxd6 Rad8 25. Rxd8 Rxd8 26. Qe2 Rd5 27. Bxe6
fxe6 28. Qe4 Kg8 29. Re1 {Game drawn by mutual agreement} 1/2-1/2

[Event "Team 45 45 League T59"]
[Site "Internet Chess Club"]
[Date "2013.12.08"]
[Round "3"]
[White "IndianPawn"]
[Black "Muravey"]
[Result "0-1"]
[WhiteElo "1967"]
[BlackElo "2041"]
[Opening "Réti: King's Indian attack"]
[ECO "A08"]
[Time "09:32:56"]
[TimeControl "2700+45"]

1. Nf3 d5 2. g3 c5 3. Bg2 Nc6 4. d4 cxd4 5. Nxd4 e5 6. Nxc6 bxc6 7. c4 Nf6 8.
O-O Be6 9. Nc3 Be7 10. Qa4 O-O 11. Qxc6 Rc8 12. Qa6 d4 13. Nd5 Nxd5 14. cxd5
Bxd5 15. Bxd5 Qxd5 16. Qxa7 Bc5 17. Qa4 Ra8 18. Qc2 Rfc8 19. Bd2 Rxa2 20. Rxa2
Qxa2 21. Rc1 d3 22. Qxd3 Qa7 23. Be3 Qb6 24. Rxc5 Rxc5 25. Bxc5 Qxc5 26. Qd8+
Qf8 27. Qxf8+ Kxf8 28. Kg2 Ke7 29. Kf3 Kd6 30. Ke3 Kc5 31. Kd3 Kb4 32. Kc2 f6
33. h3 g6 34. f3 f5 35. e3 g5 36. h4 f4 37. exf4 exf4 38. gxf4 gxh4 39. f5 Kc5
40. b4+ Kd6 41. f6 h3 42. b5 h2 43. b6 h1=Q 44. b7 Qg2+ 45. Kc1 Qg1+ 46. Kc2 Qb6
47. f7 Ke7 {White resigns} 0-1

[Event "Team 45 45 League T59"]
[Site "Internet Chess Club"]
[Date "2013.12.06"]
[Round "3"]
[White "SugarIslander"]
[Black "Frankly"]
[Result "0-1"]
[WhiteElo "1687"]
[BlackElo "1765"]
[Opening "Budapest: Adler variation"]
[ECO "A52"]
[Time "14:01:08"]
[TimeControl "2700+45"]

1. d4 Nf6 2. c4 e5 3. dxe5 Ng4 4. Nf3 Nc6 5. e4 Bc5 6. Be3 Nxe3 7. fxe3 O-O 8.
Qd2 Re8 9. Nc3 Nxe5 10. Nxe5 Rxe5 11. O-O-O a5 12. a3 c6 13. Bd3 a4 14. Rde1 b6
15. h4 Qe7 16. Kb1 Bb7 17. h5 d5 18. cxd5 cxd5 19. exd5 Rxe3 20. Rxe3 Qxe3 21.
Qc2 Qh6 22. Nxa4 Bxd5 23. Nxc5 bxc5 24. Qxc5 Bxg2 25. Rc1 Bh3 26. Qd5 Rb8 27.
Rc7 Qf6 28. Rb7 Rd8 29. Qe4 g6 30. hxg6 hxg6 31. Qe3 Rxd3 32. Rb8+ Kg7 33. Qe8
Qf1+ 34. Ka2 Be6+ {White resigns} 0-1

[Event "Team 45 45 League T59"]
[Site "Internet Chess Club"]
[Date "2013.12.07"]
[Round "3"]
[White "ghostfire"]
[Black "quickmissile"]
[Result "1/2-1/2"]
[WhiteElo "1706"]
[BlackElo "1623"]
[Opening "Sicilian: dragon, Yugoslav attack"]
[ECO "B76"]
[Time "19:01:15"]
[TimeControl "2700+45"]

1. e4 c5 2. Nf3 d6 3. d4 cxd4 4. Nxd4 Nf6 5. Nc3 g6 6. Be3 Bg7 7. f3 Nc6 8. Qd2
O-O 9. Nxc6 bxc6 10. Bh6 Qb6 11. Bxg7 Kxg7 12. h4 Qxb2 13. Rb1 Qa3 14. h5 Nxh5
15. Rb3 Qc5 16. g4 Nf6 17. Qh6+ Kg8 18. g5 Nh5 19. Be2 Qe3 20. Nd5 Qxe2+ 21.
Kxe2 cxd5 22. Kf2 dxe4 23. fxe4 Be6 24. Rbb1 Bxa2 25. Ra1 Be6 26. Rxh5 gxh5 27.
Qxh5 f6 28. g6 Rfc8 29. Qxh7+ Kf8 30. Qh8+ Bg8 31. g7+ Kf7 32. Qh5+ Ke6 33. Qd5+
Kd7 34. Qb7+ Ke8 35. Rxa7 Rxc2+ 36. Ke3 Rxa7 37. Qxa7 Rc8 38. Qb7 Rd8 39. Qb1
Kf7 40. Qg1 Bh7 41. Qg4 Bg6 42. Kd4 Kxg7 43. Qe6 Re8 44. Qd7 Kf7 45. Kd5 Kf8 46.
Qh3 Kg7 47. Qg4 Kf7 48. Qe6+ Kg7 49. Kc6 Bf7 {Game drawn by mutual agreement}
1/2-1/2

[Event "Team 45 45 League T59"]
[Site "Internet Chess Club"]
[Date "2013.12.09"]
[Round "3"]
[White "Goli"]
[Black "HumanTornado"]
[Result "1/2-1/2"]
[WhiteElo "1818"]
[BlackElo "1978"]
[Opening "Ruy Lopez: Berlin defense"]
[ECO "C65"]
[Time "17:31:08"]
[TimeControl "2700+45"]

1. e4 e5 2. Nf3 Nc6 3. Bb5 Nf6 4. Bxc6 dxc6 5. O-O Nxe4 6. Re1 Nd6 7. Nxe5 Be7
8. h3 O-O 9. d4 Be6 10. Bf4 Bg5 11. Bxg5 Qxg5 12. Qd2 Qh5 13. Qe2 Qh4 14. Nf3
Qd8 15. Nbd2 Re8 16. Qd1 Bd5 17. Rxe8+ Qxe8 18. c3 f6 19. Qc2 Qf7 20. b3 b5 21.
Re1 Re8 22. Qc1 Qg6 23. Rxe8+ Qxe8 24. Qe1 Qf7 25. Qe2 a5 26. Ne1 a4 27. bxa4
bxa4 28. a3 Kf8 29. Nc2 Qg6 30. Ne3 Bf7 31. Qa6 Be8 32. Qxa4 Qd3 33. Qc2 Qxc2
34. Nxc2 Bg6 35. Nb4 Nb5 36. Nxc6 Nxc3 37. Nb4 Ne2+ {Game drawn by mutual
agreement} 1/2-1/2

[Event "Team 45 45 League T59"]
[Site "Internet Chess Club"]
[Date "2013.12.10"]
[Round "3"]
[White "BuddyT"]
[Black "room-matt"]
[Result "1/2-1/2"]
[WhiteElo "1919"]
[BlackElo "1814"]
[Opening "QGD: 4.Nf3"]
[ECO "D37"]
[Time "15:07:10"]
[TimeControl "2700+45"]

1. d4 Nf6 2. Nf3 d5 3. c4 e6 4. Nc3 Be7 5. cxd5 exd5 6. Bg5 O-O 7. e3 Nbd7 8.
Bd3 h6 9. Bf4 c6 10. Qc2 Nh5 11. Be5 Nxe5 12. Nxe5 Bf6 13. Bh7+ Kh8 14. Nxf7+
Rxf7 15. Bg6 Re7 16. O-O Nf4 17. exf4 Bxd4 18. Ne2 Bb6 19. Ng3 Qc7 20. Rae1 Bg4
21. Qd2 Rf8 22. Rxe7 Qxe7 23. Re1 Qf6 24. f5 Qd6 25. Re6 Qc5 26. b4 Qd4 27. Qxd4
Bxd4 28. Re1 Bc3 29. Re7 Bxb4 30. Rxb7 Bc5 31. Rc7 Bd6 32. Rxc6 Bxg3 33. hxg3
Bxf5 34. Bxf5 Rxf5 35. Rd6 Kg8 36. Rd8+ Kh7 37. g4 Re5 38. Kf1 Kg6 39. f4 Re4
40. Rd6+ Kf7 41. g3 d4 42. Rd7+ Kf6 43. Rxa7 d3 44. Rd7 Re2 45. a3 Rd2 46. Ke1
Re2+ 47. Kd1 Re3 48. g5+ hxg5 49. fxg5+ Kg6 50. Kd2 Rxg3 51. Rxd3 Rxg5 52. Rd6+
{Game drawn by mutual agreement} 1/2-1/2